[Event "Titled Tuesday Blitz March 14 Early 2023"]
[White "Staudenhocker43"]
[Black "Garv Gaur"]
[BlackFideId "45030839"]
[WhiteElo "2428"]
[BlackElo "2068"]
[Result "1-0"]
[Round "10"]
[TimeControl "180+2"]
[Date "2023.03.14"]
[WhiteClock "0:00:11"]
[BlackClock "0:00:03"]

1. d4 Nf6 2. c4 e6 3. Nf3 b6 4. g3 Ba6 5. b3 Bb4+ 6. Bd2 Be7 7. Nc3 d5 8. cxd5 exd5 9. Bg2 O-O 10. O-O c5 11. dxc5 bxc5 12. Bf4 Bb7 13. Ne5 Nbd7 14. Nxd5 Bxd5 15. Bxd5 Nxe5 16. Bxa8 Qxa8 17. Bxe5 Ng4 18. Bf4 Rd8 19. Qc2 h5 20. Rad1 Re8 21. f3 Nf6 22. e4 h4 23. g4 Qc8 24. h3 Bd8 25. Rd3 Bb6 26. Kh1 Qb7 27. Kh2 Nh7 28. Qd2 Nf8 29. Kg2 Ng6 30. Bh2 Nf8 31. Rd5 Ne6 32. Rd7 Qc8 33. Qd5 Qa6 34. a4 Qe2+ 35. Rf2 Qe1 36. Qd2 Qb1 37. Qc2 Qe1 38. Rd1 Qb4 39. Qc4 Qa3 40. Rfd2 Nd4 41. Bg1 Nxb3 42. Rd3 Qb2+ 43. Kh1 Na5 44. Qc3 Qa2 45. Bxc5 Rc8 46. Rd5 Nb7 47. Qd2 Qxd2 48. R1xd2 Nxc5 49. Rc2 a5 50. Rd6 Ba7 51. Ra6 Bb8 52. Rxa5 Bd6 53. e5 Bf8 54. Rb5 Rc7 55. a5 Rd7 56. Rbxc5 Rd1+ 57. Kg2 Bxc5 58. Rxc5 Rd2+ 59. Kg1 g5 60. e6 f6 61. a6 Ra2 62. Rc8+ Kg7 63. e7 Ra1+ 64. Kf2 Ra2+ 65. Ke3 Ra1 66. Kd2 Rxa6 67. e8=Q Rd6+ 68. Ke2 1-0


[Site "https://www.chess.com"]

[Event "Titled Tuesday Blitz March 14 Early 2023"]
[White "Valle Maytin, Luis Enrique"]
[Black "Odegov, Artem"]
[WhiteFideId "3503666"]
[BlackFideId "34183644"]
[WhiteElo "2225"]
[BlackElo "2300"]
[Result "0-1"]
[Round "10"]
[TimeControl "180+2"]
[Date "2023.03.14"]
[WhiteClock "0:00:30"]
[BlackClock "0:01:07"]

1. e4 e6 2. d4 d5 3. e5 c5 4. c3 Qb6 5. Nf3 Nc6 6. a3 Nh6 7. Bd3 cxd4 8. cxd4 Bd7 9. Bc2 Nf5 10. Bxf5 exf5 11. Nc3 Be6 12. O-O Be7 13. g3 O-O 14. Ne2 Rac8 15. Nf4 Na5 16. Re1 Rc7 17. h4 Rfc8 18. Qd3 Nb3 19. Be3 Nxa1 20. Rxa1 Qxb2 21. Rb1 Qc2 22. Qf1 Bxa3 23. Ng5 Qc6 24. Qe2 h6 25. Nf3 Qc2 26. Qf1 Qxb1 27. Qxb1 Rc1+ 28. Bxc1 Rxc1+ 29. Qxc1 Bxc1 30. Nd3 Ba3 31. Kf1 Kf8 32. Ke1 Ke7 33. Kd2 Kd7 34. Kc3 Kc6 35. Kb3 Be7 36. Nf4 a5 37. Ka4 Bb4 38. Nh5 g6 39. Nf4 b5+ 40. Kb3 Be7 41. Ne1 a4+ 42. Ka2 b4 43. Ned3 b3+ 44. Kb2 Kb5 45. Ne2 Kc4 46. Ndc1 a3+ 47. Kb1 Bb4 48. f3 a2+ 49. Nxa2 bxa2+ 50. Kxa2 Be1 51. Kb2 Kd3 52. Nf4+ 0-1


[Site "https://www.chess.com"]

[Event "Titled Tuesday Blitz March 14 Early 2023"]
[White "Shevtchenko, Olesya"]
[Black "Zarnicki, Pablo"]
[WhiteFideId "24131890"]
[BlackFideId "100137"]
[WhiteElo "2003"]
[BlackElo "2468"]
[Result "1-0"]
[Round "10"]
[TimeControl "180+2"]
[Date "2023.03.14"]
[WhiteClock "0:01:02"]
[BlackClock "0:00:42"]

1. e4 c5 2. Nf3 d6 3. d4 cxd4 4. Nxd4 Nf6 5. Nc3 Nc6 6. Bg5 e6 7. Qd2 Be7 8. O-O-O O-O 9. Kb1 Bd7 10. f3 Nxd4 11. Qxd4 Bc6 12. h4 a6 13. Bxf6 Bxf6 14. Qxd6 Qa5 15. Qd2 Rfd8 16. Bd3 Rac8 17. Nd5 Rxd5 18. exd5 Qxd5 19. c3 Rd8 20. Qc2 Qc5 21. Bxh7+ Kh8 22. Rxd8+ Bxd8 23. Rd1 Bf6 24. Be4 Bb5 25. g4 Qe3 26. Bxb7 Bxh4 27. Qd2 Qb6 28. Rh1 g5 29. Qxg5 Bd3+ 30. Ka1 Qxb7 31. Qxh4+ Kg7 32. Qh6+ Kg8 33. Qh8# 1-0


[Site "https://www.chess.com"]

[Event "Titled Tuesday Blitz March 14 Early 2023"]
[White "Shapiro, Viktor"]
[Black "Fernandez Siles, Luis"]
[WhiteFideId "4175700"]
[BlackFideId "2209420"]
[WhiteElo "2152"]
[BlackElo "2186"]
[Result "0-1"]
[Round "10"]
[TimeControl "180+2"]
[Date "2023.03.14"]
[WhiteClock "0:00:12"]
[BlackClock "0:00:21"]

1. c4 e5 2. Nc3 Nf6 3. g3 c6 4. Bg2 d5 5. cxd5 cxd5 6. Qb3 Nc6 7. Nxd5 Nd4 8. Nxf6+ gxf6 9. Qd1 Qc7 10. Kf1 Be6 11. b3 Nc2 12. Rb1 Rc8 13. Nf3 e4 14. Nh4 f5 15. d3 Be7 16. dxe4 Rd8 17. Bd2 Bb4 18. exf5 Rxd2 19. Qc1 Qc3 20. fxe6 Ba3 21. exf7+ Kf8 22. Bf3 Bxc1 23. Rxc1 Ne3+ 24. fxe3 Qxc1+ 25. Kf2 Qc2 26. g4 Rd1 27. Rxd1 Qxd1 28. Bxb7 Kxf7 29. e4 Rf8 30. Nf3 Ke7 31. Bd5 Rb8 32. h4 Rc8 33. Bc4 a5 34. Ke3 a4 35. Nd4 a3 36. Nf5+ Kf8 37. e5 Qc1+ 38. Ke4 Rxc4+ 39. bxc4 Qxc4+ 40. Nd4 Qxa2 41. e6 Qc4 42. Ke5 a2 43. Nf5 a1=Q+ 44. Kd6 Qaa6+ 45. Kd7 Qaxe6+ 46. Kd8 Qxf5 47. gxf5 Qxe2 48. f6 Kf7 49. h5 Kxf6 50. h6 Kg6 0-1


[Site "https://www.chess.com"]

[Event "Titled Tuesday Blitz March 14 Early 2023"]
[White "Klepikov, Nikita"]
[Black "Karttunen, Mika"]
[WhiteFideId "24145220"]
[BlackFideId "502081"]
[WhiteElo "2025"]
[BlackElo "2396"]
[Result "0-1"]
[Round "10"]
[TimeControl "180+2"]
[Date "2023.03.14"]
[WhiteClock "0:00:03"]
[BlackClock "0:00:04"]

1. e4 e6 2. d4 d5 3. Nc3 Bb4 4. Bd2 Nf6 5. e5 Bxc3 6. bxc3 Ne4 7. Bc1 c5 8. Qg4 Qa5 9. Ne2 cxd4 10. Qxg7 Rf8 11. f3 Nxc3 12. Kf2 Qc5 13. a4 Nd1+ 14. Ke1 Ne3 15. Kf2 Nxc2 16. Ra2 d3+ 17. Kg3 dxe2 18. Bxe2 Nd7 19. Bb5 Nd4 20. Ba3 Nf5+ 21. Kh3 Nxg7 22. Bxc5 Rg8 23. Bd6 a6 24. Bxd7+ Bxd7 25. Rb2 Bc6 26. a5 Nf5 27. Bc5 h5 28. g4 hxg4+ 29. fxg4 Nh6 30. Rb4 Kd7 31. Kg3 Nf5+ 32. Kf4 Ne7 33. h4 Ng6+ 34. Kg3 Rh8 35. h5 Ne7 36. Rf1 Rh7 37. Rbf4 Rf8 38. Rf6 Ke8 39. Bd6 Rg8 40. Kh4 d4 41. R1f4 Nd5 42. Rxd4 Nxf6 43. exf6 Kd7 44. Be7+ Kc8 45. g5 Rgh8 46. h6 Rg8 47. Kg4 Rhh8 48. Rd3 Kb8 49. Kf4 Ka8 50. Rg3 Rg6 51. Ke5 Bb5 52. Kd6 Rgg8 53. Ke5 Ba4 54. Kd6 Bc2 55. Kc7 Bg6 56. Kd6 Rc8 57. Ke5 Rc6 58. Rb3 Rc4 59. Kd6 Rd4+ 60. Kc5 Rd5+ 61. Kb6 Rc8 0-1


[Site "https://www.chess.com"]

[Event "Titled Tuesday Blitz March 14 Early 2023"]
[White "Tokhirjonova, Gulrukhbegim"]
[Black "Sovetbekova, Nurai"]
[WhiteFideId "14203626"]
[BlackFideId "13801910"]
[WhiteElo "2268"]
[BlackElo "1857"]
[Result "1-0"]
[Round "10"]
[TimeControl "180+2"]
[Date "2023.03.14"]
[WhiteClock "0:00:28"]
[BlackClock "0:00:08"]

1. d4 Nf6 2. Nc3 d5 3. Bf4 g6 4. e3 Bg7 5. h3 O-O 6. Nf3 c5 7. Be2 Nc6 8. dxc5 Qa5 9. O-O Qxc5 10. Nb5 Bd7 11. c3 Ne4 12. Nc7 Rad8 13. Qxd5 Qxd5 14. Nxd5 Bxh3 15. Nxe7+ Nxe7 16. gxh3 Nd5 17. Bh2 f5 18. Rfd1 Kh8 19. Nd4 Rfe8 20. Bf3 Ng5 21. Bg2 Nb6 22. b3 Rd7 23. Rac1 Red8 24. h4 Ne4 25. f3 Nf6 26. e4 fxe4 27. fxe4 Re8 28. e5 Ng4 29. e6 Bxd4+ 30. Rxd4 Rxd4 31. cxd4 Rxe6 32. Bg3 Nf6 33. Be5 Kg7 34. Bxb7 Kh6 35. Bf4+ Kh5 36. Bg5 Ng4 37. Bf3 h6 38. Bd8 g5 39. hxg5 hxg5 40. Kg2 Rd6 41. Rh1+ Kg6 42. Bxb6 Ne3+ 43. Kf2 Rxb6 44. Kxe3 Kf5 45. Be4+ Kg4 46. Rg1+ Kh4 47. Bf5 Rf6 48. Ke4 Rf8 49. d5 Re8+ 50. Be6 1-0


[Site "https://www.chess.com"]

[Event "Titled Tuesday Blitz March 14 Early 2023"]
[White "Torres Dominguez, David"]
[Black "Kopczynski, Michal"]
[WhiteFideId "2220857"]
[BlackFideId "1124200"]
[WhiteElo "1999"]
[BlackElo "2212"]
[Result "0-1"]
[Round "10"]
[TimeControl "180+2"]
[Date "2023.03.14"]
[WhiteClock "0:00:23"]
[BlackClock "0:01:03"]

1. e4 b6 2. d4 Bb7 3. Bd3 e6 4. Qe2 Nf6 5. Nf3 d5 6. Nbd2 c5 7. e5 Nfd7 8. c3 Nc6 9. a3 Qc7 10. O-O O-O-O 11. b4 c4 12. Bc2 h6 13. a4 Re8 14. a5 b5 15. a6 Ba8 16. Ne1 f5 17. f4 g5 18. Ndf3 g4 19. Nd2 h5 20. Nb1 h4 21. Na3 Qb6 22. Be3 Qxa6 23. Qd1 Qb6 24. Qc1 Be7 25. Bd1 Nf8 26. Be2 Ng6 27. Nec2 Bf8 28. Qd2 Bh6 29. Ra2 Bb7 30. Rfa1 Kd7 31. Nb1 Ra8 32. Qc1 a5 33. bxa5 Rxa5 34. Rxa5 Nxa5 35. Qa3 Nb3 36. Ra2 Ra8 37. Qb2 Rxa2 38. Qxa2 Qa5 39. Qxa5 Nxa5 40. g3 Bf8 41. Bc1 Nc6 42. Ba3 Bxa3 43. Nbxa3 Ba6 44. Kf2 Kc7 45. Ke3 hxg3 46. hxg3 Kb6 47. Nb4 Nge7 48. Nac2 Nxb4 49. Nxb4 Nc6 50. Kd2 Bb7 51. Kc2 Ka5 52. Nxc6+ Bxc6 53. Kb2 b4 54. Bd1 Ba4 55. Be2 bxc3+ 56. Kxc3 Bb3 57. Bf1 Bd1 58. Bg2 Bf3 59. Bf1 Ka4 60. Kc2 Ka3 61. Kc3 Ka2 62. Kc2 Be4+ 63. Kc3 Kb1 64. Be2 Kc1 65. Bf1 Kd1 0-1


[Site "https://www.chess.com"]

[Event "Titled Tuesday Blitz March 14 Early 2023"]
[White "Degenbaev, Aziz"]
[Black "Baruch, Liam"]
[WhiteFideId "13802640"]
[BlackFideId "14322064"]
[WhiteElo "2152"]
[BlackElo "2165"]
[Result "1-0"]
[Round "10"]
[TimeControl "180+2"]
[Date "2023.03.14"]
[WhiteClock "0:00:03"]
[BlackClock "0:00:05"]

1. e4 e5 2. Nf3 Nc6 3. d4 exd4 4. Nxd4 Bc5 5. Nb3 Bb6 6. Nc3 d6 7. Bf4 Nf6 8. Qd2 Na5 9. O-O-O Nxb3+ 10. axb3 O-O 11. f3 a5 12. g4 Bd7 13. Kb1 a4 14. h4 a3 15. h5 axb2 16. Kxb2 Qe7 17. g5 d5 18. Nb1 Ne8 19. exd5 Bc5 20. d6 Nxd6 21. Qd5 Bb4 22. g6 Be6 23. Qd4 Nb5 24. Bxb5 Ba3+ 25. Nxa3 Qxa3+ 26. Kb1 c5 27. gxh7+ Kh8 28. Qb2 Qa5 29. Rhg1 f6 30. Ba4 b5 31. h6 Rf7 32. hxg7+ Rxg7 33. Qxf6 Qa7 34. Bh6 Rg8 35. Bxg7+ Rxg7 36. Rd8+ Bg8 37. hxg8=Q# 1-0


[Site "https://www.chess.com"]

[Event "Titled Tuesday Blitz March 14 Early 2023"]
[White "ritanovikova"]
[Black "Rodchenkov, Sergey D."]
[BlackFideId "4168712"]
[WhiteElo "2165"]
[BlackElo "2277"]
[Result "0-1"]
[Round "10"]
[TimeControl "180+2"]
[Date "2023.03.14"]
[WhiteClock "0:00:30"]
[BlackClock "0:01:18"]

1. e4 c5 2. Nc3 d6 3. d3 Nc6 4. g3 g6 5. Bg2 Bg7 6. Be3 Rb8 7. Qd2 b5 8. Nd1 b4 9. Ne2 Nd4 10. c3 Nxe2 11. Qxe2 a5 12. h4 Nf6 13. f3 h5 14. Nf2 d5 15. Bxc5 Nd7 16. Bd4 e5 17. Be3 bxc3 18. bxc3 Qc7 19. Bd2 dxe4 20. Nxe4 O-O 21. O-O f5 22. Ng5 Nc5 23. f4 Ba6 24. Bd5+ Kh8 25. c4 Rbe8 26. Qf3 Bb7 27. Rab1 Bxd5 28. Qxd5 Rd8 29. Ne6 Nxe6 30. Qxe6 Rd6 31. Bxa5 Qc5+ 32. Kg2 Rxe6 33. Bb4 Qc6+ 34. Kh3 Rd8 35. Rfd1 e4 36. dxe4 Rxd1 37. Rxd1 Qxe4 38. Rd8+ Kh7 39. Rd1 Qf3 0-1


[Site "https://www.chess.com"]

[Event "Titled Tuesday Blitz March 14 Early 2023"]
[White "Garcia Pantoja, Roberto"]
[Black "Avazkhonov, Alikhon"]
[WhiteFideId "3509265"]
[BlackFideId "14208504"]
[WhiteElo "2544"]
[BlackElo "1739"]
[Result "1-0"]
[Round "10"]
[TimeControl "180+2"]
[Date "2023.03.14"]
[WhiteClock "0:01:06"]
[BlackClock "0:00:05"]

1. e4 c5 2. Nf3 d6 3. d4 cxd4 4. Nxd4 Nf6 5. Nc3 a6 6. Bg5 e5 7. Bxf6 Qxf6 8. Nd5 Qd8 9. Nf5 g6 10. Nfe3 Nc6 11. Nc4 Be6 12. Ncb6 Rb8 13. Bc4 Bg7 14. O-O O-O 15. c3 Bxd5 16. Nxd5 b5 17. Bb3 b4 18. cxb4 Nxb4 19. Nxb4 Rxb4 20. Qd3 a5 21. a3 Rd4 22. Qe2 Qb6 23. Bd5 Rb8 24. Rab1 Qa7 25. Rbc1 Bh6 26. Rc2 Kg7 27. Rd1 Rxd1+ 28. Qxd1 Bg5 29. g3 h5 30. h4 Bh6 31. Kg2 Qd7 32. b3 Rc8 33. Rxc8 Qxc8 34. Qf3 Qc7 35. b4 axb4 36. axb4 Bd2 37. b5 Ba5 38. g4 hxg4 39. Qxg4 Bb6 40. h5 Qc5 41. Qf3 Qc7 42. hxg6 fxg6 43. Qg4 Qe7 44. Qc8 Qc7 45. Qg8+ Kf6 46. Kg3 Qc3+ 47. Kg4 Qc7 48. Qf8+ 1-0


[Site "https://www.chess.com"]

[Event "Titled Tuesday Blitz March 14 Early 2023"]
[White "Bas Mas, Jose Joaquin"]
[Black "Shuvalov, Evgenij"]
[WhiteFideId "22219064"]
[BlackFideId "4187237"]
[WhiteElo "2233"]
[BlackElo "2080"]
[Result "1-0"]
[Round "10"]
[TimeControl "180+2"]
[Date "2023.03.14"]
[WhiteClock "0:00:22"]
[BlackClock "0:00:01"]

1. e4 e6 2. d4 d5 3. e5 c5 4. c3 Nc6 5. Nf3 Qb6 6. Bd3 Bd7 7. O-O cxd4 8. Re1 Nge7 9. h4 a6 10. a3 Rc8 11. h5 g6 12. b4 gxh5 13. Ng5 Ng6 14. Qxh5 Ncxe5 15. Nxf7 Nxf7 16. Bxg6 hxg6 17. Qxg6 dxc3 18. Be3 Qd6 19. g3 d4 20. Bf4 e5 21. Rxe5+ Qxe5 22. Bxe5 c2 23. Nc3 Rxc3 24. Rc1 Rh6 25. Qe4 Re6 26. Qxd4 Rc8 27. Bf4 Bh6 28. Bxh6 Rxh6 29. Qe3+ Kf8 30. Qd3 Bc6 31. f3 Ba4 32. Kg2 Rd8 33. Qe3 Rd1 34. g4 Rhh1 35. Rxc2 Bxc2 36. g5 Bg6 37. Qb6 Kg7 38. Qf6+ Kh7 39. Kf2 Rhg1 40. Qf4 Rde1 41. Qh2+ Kg7 42. Qc7 Rgf1+ 43. Kg2 Rg1+ 44. Kf2 Ref1+ 45. Ke2 Rc1 46. Qxb7 Rc2+ 47. Ke3 Re1+ 48. Kd4 Rd1+ 49. Ke3 Rdc1 50. Qb8 Rc7 51. a4 R1c3+ 52. Kf2 Rc2+ 53. Kg3 R7c3 54. b5 axb5 55. axb5 Rb3 56. b6 Rcb2 57. Qf4 Rxb6 58. Qd4+ Kg8 59. Qc5 R2b3 60. Qc8+ Kg7 61. Qg4 Rb8 62. Qd4+ Kg8 63. Qf6 Rd3 64. Qxg6+ Kf8 65. Qxd3 Nxg5 66. Qd6+ Kg7 67. Qxb8 Ne4+ 68. fxe4 1-0


[Site "https://www.chess.com"]

[Event "Titled Tuesday Blitz March 14 Early 2023"]
[White "Fiorito, Joaquin"]
[Black "Jiganchine, Roman"]
[WhiteFideId "180173"]
[BlackFideId "2603667"]
[WhiteElo "2157"]
[BlackElo "2329"]
[Result "1-0"]
[Round "10"]
[TimeControl "180+2"]
[Date "2023.03.14"]
[WhiteClock "0:01:29"]
[BlackClock "0:00:36"]

1. d4 d5 2. Nc3 c6 3. Bf4 Bf5 4. e3 e6 5. Nf3 Nf6 6. Ne5 Nbd7 7. g4 Bg6 8. h4 h6 9. Nxg6 fxg6 10. Bd3 Kf7 11. Qf3 Bb4 12. Ke2 Rf8 13. g5 Kg8 14. gxf6 Rxf6 15. Qg3 c5 16. Be5 Nxe5 17. dxe5 Rf5 18. Bxf5 gxf5 19. Rhg1 Qe7 20. Nb5 c4 21. Nd6 Bc5 22. c3 b5 23. Qg6 b4 24. Rg2 bxc3 25. bxc3 f4 26. Rag1 f3+ 27. Kxf3 Rf8+ 28. Ke2 1-0


[Site "https://www.chess.com"]

[Event "Titled Tuesday Blitz March 14 Early 2023"]
[White "Garakov, Mikhael"]
[Black "Zaksaite, Salomeja"]
[WhiteFideId "4169034"]
[BlackFideId "12801496"]
[WhiteElo "2347"]
[BlackElo "2059"]
[Result "1-0"]
[Round "10"]
[TimeControl "180+2"]
[Date "2023.03.14"]
[WhiteClock "0:01:12"]
[BlackClock "0:00:02"]

1. e4 e5 2. Nf3 Nc6 3. Bb5 a6 4. Bxc6 dxc6 5. O-O f6 6. d4 exd4 7. Nxd4 c5 8. Nb3 Qxd1 9. Rxd1 Bd6 10. Na5 Ke7 11. Nc4 Be6 12. Nxd6 cxd6 13. Bf4 Rd8 14. Nc3 g5 15. Bg3 h5 16. f3 Nh6 17. a4 g4 18. f4 Nf7 19. Bh4 Rh6 20. Rd2 Rb8 21. Re1 b5 22. axb5 axb5 23. e5 dxe5 24. fxe5 Kf8 25. Bxf6 Rg6 26. Ne4 Rc8 27. Ra1 Rh6 28. Ra6 Bf5 29. Nxc5 Rxc5 30. Ra8+ Rc8 31. Rxc8+ Bxc8 32. Rd5 1-0


[Site "https://www.chess.com"]

[Event "Titled Tuesday Blitz March 14 Early 2023"]
[White "Loiacono, Antonio"]
[Black "Fabris, Alberto"]
[WhiteFideId "895415"]
[BlackFideId "801348"]
[WhiteElo "2257"]
[BlackElo "2209"]
[Result "1-0"]
[Round "10"]
[TimeControl "180+2"]
[Date "2023.03.14"]
[WhiteClock "0:00:10"]
[BlackClock "0:00:01"]

1. e4 c5 2. Nf3 d6 3. d4 cxd4 4. Nxd4 Nf6 5. Nc3 a6 6. a4 e5 7. Nf3 Be7 8. Bc4 O-O 9. Bg5 Nbd7 10. O-O Qc7 11. Bb3 b6 12. Nd5 Qd8 13. Bxf6 Nxf6 14. Nxf6+ Bxf6 15. Bd5 Ra7 16. Nd2 Bb7 17. Bxb7 Rxb7 18. Nb1 Rd7 19. Nc3 g6 20. Nd5 Bg7 21. Qe2 Qc8 22. Ra3 Qb7 23. Rb3 f5 24. Rxb6 Qc8 25. Rd1 fxe4 26. Qxe4 Rdf7 27. f3 Qc5+ 28. Kh1 a5 29. Rb5 Qa7 30. h3 Bh6 31. Qe2 Bg5 32. Nc3 Qc7 33. Ne4 Be7 34. Rbd5 Qc6 35. b3 Rd8 36. c4 Bf8 37. Qd3 Kg7 38. Qc3 Qb6 39. Rb5 Qc6 40. Rbd5 Qb6 41. Rxa5 Kg8 42. Rad5 Be7 43. a5 Qa6 44. b4 Rc8 45. b5 Qb7 46. a6 Qb6 47. Nxd6 Bxd6 48. Rxd6 Qxb5 49. cxb5 Rxc3 50. Rd8+ Kg7 51. R8d7 Ra3 52. Rxf7+ Kxf7 53. Rd7+ Ke6 54. Rb7 Kd5 55. a7 Kc5 56. b6 Kc6 57. Rb8 1-0


[Site "https://www.chess.com"]

[Event "Titled Tuesday Blitz March 14 Early 2023"]
[White "Matutururu, Maxman"]
[Black "Botez, Alexandra"]
[WhiteFideId "11004487"]
[BlackFideId "2603365"]
[WhiteElo "2432"]
[BlackElo "2059"]
[Result "1-0"]
[Round "10"]
[TimeControl "180+2"]
[Date "2023.03.14"]
[WhiteClock "0:00:42"]
[BlackClock "0:00:16"]

1. d4 c5 2. d5 d6 3. Nc3 g6 4. e4 Nf6 5. Bd3 Bg7 6. h3 Na6 7. Nf3 Nc7 8. O-O O-O 9. Bf4 a6 10. a4 b6 11. Re1 Rb8 12. Qe2 Nh5 13. Bh2 e5 14. dxe6 fxe6 15. Bc4 Kh8 16. Rad1 Nf4 17. Bxf4 Rxf4 18. Qd2 Rxf3 19. gxf3 Ne8 20. Qf4 Qe7 21. e5 d5 22. Bxd5 exd5 23. e6 Nc7 24. Nxd5 Nxd5 25. Qxb8 Qg5+ 26. Kh1 h5 27. Qxc8+ Kh7 28. e7 Nf4 29. Rg1 Qh4 30. e8=Q Qxf2 31. Qg8+ Kh6 32. Qxg7+ Kxg7 33. Rd7+ 1-0


[Site "https://www.chess.com"]

[Event "Titled Tuesday Blitz March 14 Early 2023"]
[White "Begunov, Konstantin"]
[Black "Aanan, Shafiuddin"]
[WhiteFideId "4118510"]
[BlackFideId "3242633"]
[WhiteElo "2079"]
[BlackElo "1648"]
[Result "1-0"]
[Round "10"]
[TimeControl "180+2"]
[Date "2023.03.14"]
[WhiteClock "0:00:12"]
[BlackClock "0:00:02"]

1. d4 Nf6 2. c4 c5 3. Nf3 cxd4 4. Nxd4 Nc6 5. Nc3 e6 6. g3 Qb6 7. Nc2 Ne5 8. e4 Bc5 9. Qe2 Neg4 10. Nd1 d6 11. h3 Ne5 12. f4 Nc6 13. a3 a5 14. Nc3 a4 15. Rb1 e5 16. f5 Bd7 17. g4 h6 18. Bg2 Nd4 19. Nxd4 Bxd4 20. Qc2 Qc5 21. Bf1 Bc6 22. Bd3 O-O 23. Rf1 Be3 24. Qe2 Bxc1 25. Rxc1 Qd4 26. h4 Nd7 27. Rd1 Qb6 28. g5 hxg5 29. hxg5 Nc5 30. Rh1 Nxd3+ 31. Rxd3 f6 32. g6 1-0


[Site "https://www.chess.com"]

[Event "Titled Tuesday Blitz March 14 Early 2023"]
[White "aidenzhouu"]
[Black "Larina, Maria"]
[BlackFideId "24113182"]
[WhiteElo "2420"]
[BlackElo "1848"]
[Result "1-0"]
[Round "10"]
[TimeControl "180+2"]
[Date "2023.03.14"]
[WhiteClock "0:00:16"]
[BlackClock "0:00:10"]

1. d4 f5 2. Nf3 Nf6 3. c4 g6 4. g3 Bg7 5. Bg2 O-O 6. O-O d6 7. Nc3 Nc6 8. b3 e5 9. dxe5 dxe5 10. Bb2 e4 11. Ng5 h6 12. Nh3 g5 13. Qxd8 Rxd8 14. Rfd1 Be6 15. Nb5 Ne8 16. Bxg7 Kxg7 17. e3 Ne5 18. Nd4 Kf6 19. Bf1 Bf7 20. Be2 c6 21. Kg2 Nc7 22. Ng1 Ne6 23. Rac1 Rd7 24. Nxe6 Bxe6 25. Rxd7 Bxd7 26. Rd1 Ke7 27. Bf1 Be6 28. Ne2 Rd8 29. Rxd8 Kxd8 30. Nd4 Bd7 31. b4 Kc7 32. c5 b6 33. Be2 Bc8 34. Kf1 a5 35. cxb6+ Kxb6 36. bxa5+ Kxa5 37. Ke1 c5 38. Nb3+ Kb4 39. Kd2 c4 40. Nd4 c3+ 41. Kc2 Bd7 42. a3+ Kxa3 43. Kxc3 Ka4 44. Bc4 Nxc4 45. Kxc4 Ka3 46. Kd5 Kb2 47. Ke5 Kc3 48. Nxf5 h5 49. Kxe4 Kd2 50. Nd4 Ke1 51. Kf3 Kf1 52. e4 Kg1 53. h4 gxh4 54. gxh4 Kh2 55. Nf5 Be8 56. e5 Kh3 57. e6 Kh2 58. e7 Kh3 59. Kf4 Kh2 60. Kg5 Kh3 61. Ng7 Bf7 62. e8=Q Bxe8 63. Nxe8 Kg2 64. Kxh5 Kxf2 65. Kg5 Kf3 66. h5 1-0


[Site "https://www.chess.com"]

[Event "Titled Tuesday Blitz March 14 Early 2023"]
[White "Fajdetic, Hrvoje"]
[Black "Leve, Nitai"]
[WhiteFideId "14501945"]
[BlackFideId "2006898"]
[WhiteElo "2185"]
[BlackElo "2144"]
[Result "0-1"]
[Round "10"]
[TimeControl "180+2"]
[Date "2023.03.14"]
[WhiteClock "0:00:55"]
[BlackClock "0:00:15"]

1. f4 d5 2. Nf3 Nc6 3. e3 Nf6 4. d4 Bf5 5. Bd3 Bxd3 6. Qxd3 e6 7. c3 Ne4 8. Nbd2 f5 9. Ne5 Nxe5 10. fxe5 Qh4+ 11. g3 Nxg3 12. Nf3 Qh5 13. Rg1 Ne4 14. Qe2 Be7 15. Bd2 Bh4+ 16. Kd1 g5 17. Nxh4 Qxh4 18. Be1 Qh6 19. Kc2 O-O-O 20. a4 f4 21. a5 a6 22. b4 fxe3 23. b5 Qg6 24. Kb2 Kd7 25. bxa6 bxa6 26. Qxa6 Rb8+ 27. Ka3 Nd2 28. Rc1 Nc4+ 29. Ka4 Qd3 30. Rxg5 Nb2+ 31. Ka3 Qxa6 32. Rg7+ Kc6 33. c4 Nxc4+ 34. Ka2 Qb5 0-1


[Site "https://www.chess.com"]

[Event "Titled Tuesday Blitz March 14 Early 2023"]
[White "Mirzanurov, Bulat"]
[Black "Wilson, Elvin"]
[WhiteFideId "4184521"]
[BlackFideId "2014874"]
[WhiteElo "2019"]
[BlackElo "2278"]
[Result "1-0"]
[Round "10"]
[TimeControl "180+2"]
[Date "2023.03.14"]
[WhiteClock "0:00:16"]
[BlackClock "0:00:09"]

1. e4 e6 2. d4 d5 3. Nc3 Bb4 4. e5 c5 5. a3 Bxc3+ 6. bxc3 Ne7 7. Qg4 Qc7 8. Qxg7 Rg8 9. Qxh7 cxd4 10. Ne2 Nbc6 11. f4 dxc3 12. h4 d4 13. h5 Bd7 14. h6 O-O-O 15. Qd3 Rg6 16. Rb1 Rh8 17. Nxd4 Nxd4 18. Qxd4 Rgxh6 19. Rxh6 Rxh6 20. Rb3 Nf5 21. Qxc3 Bc6 22. Be3 Rg6 23. Kf2 Rg3 24. Qd2 Rxe3 25. Rxe3 Qb6 26. g4 Nxe3 27. Qxe3 Qb2 28. Qd3 a6 29. Be2 Bd5 30. Bf3 Qb6+ 31. Qe3 Qc6 32. Bxd5 Qxc2+ 33. Qe2 Qc5+ 34. Qe3 Qxd5 35. f5 Kb8 36. f6 Qa2+ 37. Kg3 Qd5 38. g5 b5 39. g6 fxg6 40. f7 Qd8 41. Qf4 Qf8 42. Qf6 Kc7 43. Qxe6 Kd8 44. Qd6+ Qxd6 45. exd6 Kd7 46. f8=Q 1-0


[Site "https://www.chess.com"]

[Event "Titled Tuesday Blitz March 14 Early 2023"]
[White "Smith, Garrett L"]
[Black "Matveeva, Olga"]
[WhiteFideId "2024829"]
[BlackFideId "24107018"]
[WhiteElo "2273"]
[BlackElo "2056"]
[Result "0-1"]
[Round "10"]
[TimeControl "180+2"]
[Date "2023.03.14"]
[WhiteClock "0:01:01"]
[BlackClock "0:02:11"]

1. e4 e6 2. d4 d5 3. Nc3 Nf6 4. e5 Nfd7 5. f4 c5 6. Nf3 Nc6 7. Be3 cxd4 8. Nxd4 Bc5 9. Qd2 O-O 10. O-O-O a6 11. h4 Bxd4 12. Bxd4 b5 13. h5 b4 14. Ne2 a5 15. h6 g6 16. Kb1 Ba6 17. g4 Qc7 18. Ng3 Rfc8 19. Rh2 a4 20. f5 Nxd4 21. Qxd4 Qxe5 22. fxe6 fxe6 23. Qxe5 Nxe5 24. Bxa6 Rxa6 25. g5 Nf3 26. Rg2 Nxg5 27. Nh5 Ne4 0-1


[Site "https://www.chess.com"]

[Event "Titled Tuesday Blitz March 14 Early 2023"]
[White "Lesbekova, Assel"]
[Black "Liu, Casper"]
[WhiteFideId "13713248"]
[BlackFideId "1454153"]
[WhiteElo "1799"]
[BlackElo "2221"]
[Result "1-0"]
[Round "10"]
[TimeControl "180+2"]
[Date "2023.03.14"]
[WhiteClock "0:00:11"]
[BlackClock "0:00:06"]

1. e4 c5 2. Nf3 g6 3. d4 cxd4 4. Nxd4 Bg7 5. c4 Nf6 6. Nc3 Nc6 7. Nc2 O-O 8. Be3 d6 9. Be2 Ne5 10. f3 Qc7 11. b3 Be6 12. Qd2 Nfd7 13. Bd4 a6 14. O-O Rfc8 15. Ne3 b5 16. cxb5 Nxf3+ 17. gxf3 Bxd4 18. Qxd4 Qxc3 19. Qxc3 Rxc3 20. Nd1 Rc5 21. bxa6 Nb8 22. b4 Rc2 23. Bd3 Rd2 24. Nf2 Nxa6 25. a3 Nb8 26. a4 Nc6 27. b5 Ne5 28. Rfd1 Rxd1+ 29. Rxd1 Rxa4 30. Rb1 Nxf3+ 31. Kg2 Ne5 32. b6 Ra8 33. b7 Rb8 34. Ba6 f5 35. Rc1 fxe4 36. Nxe4 Kg7 37. Rc8 Nd7 38. Nc3 d5 39. Nb5 Bf5 40. Kf2 e5 41. Na7 e4 42. Nc6 Rxb7 43. Bxb7 Nf6 44. Rc7+ Kh6 45. Nd4 Kg5 46. Nxf5 gxf5 47. Rc5 d4 48. Bc8 Ng4+ 49. Ke1 Ne3 50. h3 h5 51. Ke2 h4 52. Bd7 Kf4 53. Ra5 Kg3 54. Bxf5 Ng2 55. Ra4 Nf4+ 56. Ke1 d3 57. Rxe4 Nxh3 58. Re3+ Kf4 59. Rxh3 Kxf5 60. Rxh4 Ke5 61. Kd2 1-0


[Site "https://www.chess.com"]

[Event "Titled Tuesday Blitz March 14 Early 2023"]
[White "Clawitter, Craig"]
[Black "Perez Rodriguez, Jennifer"]
[WhiteFideId "2023105"]
[BlackFideId "3507831"]
[WhiteElo "2258"]
[BlackElo "2170"]
[Result "0-1"]
[Round "10"]
[TimeControl "180+2"]
[Date "2023.03.14"]
[WhiteClock "0:00:03"]
[BlackClock "0:00:35"]

1. e4 e5 2. Nc3 Nc6 3. f4 exf4 4. Nf3 g5 5. g3 g4 6. Nh4 f3 7. d4 d6 8. Be3 Be7 9. Qd2 Bxh4 10. gxh4 Qxh4+ 11. Bf2 Qd8 12. O-O-O Nge7 13. h3 f5 14. exf5 Bxf5 15. hxg4 Bxg4 16. Qg5 Qd7 17. Ne4 Ng8 18. Bb5 a6 19. Bc4 Qf5 20. Bxg8 Qxg5+ 21. Nxg5 Rxg8 22. Nxh7 O-O-O 23. Nf6 Rg6 24. Nxg4 Rxg4 25. Rh3 Rf8 26. Rd3 Rgf4 27. Kd2 Ne7 28. c4 c5 29. dxc5 dxc5 30. Bxc5 f2 0-1


[Site "https://www.chess.com"]